AoeStats
← ROKETSAN YeniCeri

Arabia

506647485Analyzed
1v1 RM · 17d ago on Sep 14, 2026· 44m 59s· 2 players
Game mode
Random Map
Map size
Tiny (2 player)
Population
200
Speed
Normal
Resources
Standard
Victory
Conquest
Starting age
Dark Age
Ending age
Imperial Age
RankedLock teamsTeams togetherTeam positionsShared explorationLock speedFull tech treeHidden civsTurbo modeCheats
Victory
Defeat
814
+14
🇩🇪 Turks · Germany
776
-14
ROKETSAN YeniCeri
1:37 Loom
12:15 Feudal Age
21:21 Castle Age
41:35 Imperial Age
Enrique de las Morenas y Fossi
3:13 Loom
10:29 Feudal Age
11:02 Double-Bit Axe
11:00 Horse Collar
16:37 Scale Barding Armor
18:13 Forging
23:45 Castle Age
25:29 Husbandry
26:51 Chain Barding Armor
27:07 Iron Casting
26:47 Fletching
27:58 Padded Archer Armor
30:21 Wheelbarrow
31:00 Elite Skirmisher
33:28 Ballistics
40:31 Imperial Age
38:17 Hand Cart
38:49 Bodkin Arrow
39:10 Leather Archer Armor
38:56 Scale Mail Armor
38:40 Treadmill Crane
39:11 Fortified Wall
41:59 Conscription
Connection lost

Rejoining the realm…

Still unreachable

The connection could not be restored.

Session expired

The server has moved on; the page needs a fresh start.